AoeStats
← 陟遐自迩

Arena

506390065Analyzed
4v4 RM · 19d ago on Sep 13, 2026· 53m 4s· 8 players
Game mode
Random Map
Map size
Large (8 player)
Population
200
Speed
Normal
Resources
Standard
Victory
Conquest
Starting age
Dark Age
Ending age
Imperial Age
RankedLock teamsTeams togetherTeam positionsShared explorationLock speedFull tech treeHidden civsTurbo modeCheats
Victory
Defeat
🇭🇰 Magyars · Hong Kong SAR China
1098
+16
🇩🇪 Huns · Germany
1068
+17
🇨🇳 Ethiopians · China
1041
+19
🇨🇳 Malay · China
1040
+19
🇦🇺 Ethiopians · Australia
1194
-22
🇦🇺 Bohemians · Australia
1139
-19
🇦🇺 Romans · Australia
1118
-19
🇦🇺 Celts · Australia
944
-11
borealisawesome
5:17 Loom
11:43 Feudal Age
13:10 Wheelbarrow
17:08 Castle Age
15:28 Double-Bit Axe
15:42 Horse Collar
19:31 Hand Cart
20:45 Stone Mining
23:53 Gold Mining
33:28 Elite Skirmisher
41:58 Heavy Plow
46:38 Corvinian Army
52:14 Gold Shaft Mining
52:30 Padded Archer Armor
52:36 Scale Barding Armor
陟遐自迩
0:31 Loom
10:43 Feudal Age
12:18 Horse Collar
18:01 Castle Age
16:34 Stone Mining
16:31 Double-Bit Axe
18:33 Wheelbarrow
19:48 Bow Saw
20:03 Heavy Plow
23:15 Gold Mining
27:11 Gold Shaft Mining
30:23 Imperial Age
28:10 Hand Cart
27:41 Town Watch
28:25 Marauders
28:43 Forging
28:43 Scale Barding Armor
29:52 Husbandry
30:04 Bloodlines
30:45 Iron Casting
30:31 Chain Barding Armor
31:27 Conscription
NickJiang
9:30 Feudal Age
9:05 Double-Bit Axe
15:27 Castle Age
13:11 Horse Collar
16:07 Wheelbarrow
16:23 Bow Saw
20:54 Loom
35:13 Scale Barding Armor
35:19 Forging
35:40 Hand Cart
39:37 Husbandry
40:41 Iron Casting
49:38 Heavy Plow
53:47 Imperial Age
bluestorm
10:48 Feudal Age
11:41 Double-Bit Axe
11:42 Horse Collar
14:42 Castle Age
14:42 Wheelbarrow
16:03 Bow Saw
15:59 Heavy Plow
23:56 Hand Cart
24:39 Gold Mining
24:39 Stone Mining
29:02 Imperial Age
26:49 Fortified Wall
27:19 Gold Shaft Mining
27:19 Stone Shaft Mining
27:13 Loom
28:17 Ballistics
27:59 Squires
27:45 Arson
28:19 Scale Mail Armor
30:05 Conscription
29:50 Torsion Engines
30:54 Chemistry
30:05 Capped Ram
30:21 Heavy Scorpion
31:56 Siege Ram
34:09 Siege Engineers
35:59 Two-Man Saw
37:18 Halberdier
40:27 Chain Mail Armor
40:22 Forging
46:00 Masonry
46:24 Plate Mail Armor
46:30 Iron Casting
46:12 Man-at-Arms
48:26 Architecture
50:58 Elite Shotel Warrior
54:36 Blast Furnace
Killed by Tony
10:22 Feudal Age
13:59 Castle Age
13:13 Double-Bit Axe
15:01 Pikeman
16:42 Scale Mail Armor
18:18 Squires
22:16 Chain Mail Armor
27:18 Horse Collar
31:53 Man-at-Arms
35:49 Imperial Age
33:56 Wheelbarrow
33:36 Forging
33:55 Long Swordsman
38:14 Legionary
Nick
12:45 Feudal Age
13:35 Double-Bit Axe
17:53 Castle Age
15:59 Stone Mining
16:08 Gold Mining
15:59 Horse Collar
17:13 Scale Mail Armor
17:25 Forging
19:05 Chain Mail Armor
19:21 Bow Saw
20:00 Stone Shaft Mining
20:02 Gold Shaft Mining
19:53 Arson
21:40 Iron Casting
26:30 Wheelbarrow
35:42 Hand Cart
40:44 Imperial Age
42:06 Furor Celtica
41:19 Elite Woad Raider
41:23 Capped Ram
42:44 Siege Ram
44:03 Heavy Plow
46:50 Elite Woad Raider
49:42 Plate Mail Armor
50:13 Blast Furnace
50:47 Conscription
52:53 Fletching
johnnychallitasteam1995
11:04 Feudal Age
11:33 Double-Bit Axe
17:49 Castle Age
16:10 Gold Mining
30:46 Scale Mail Armor
42:25 Squires
Lumeh
11:41 Feudal Age
13:29 Double-Bit Axe
16:12 Castle Age
13:58 Horse Collar
16:21 Loom
20:30 Imperial Age
20:37 Chemistry
20:17 Padded Archer Armor
31:39 Leather Archer Armor
42:16 Loom
Connection lost

Rejoining the realm…

Still unreachable

The connection could not be restored.

Session expired

The server has moved on; the page needs a fresh start.